 Dungeon Crawl Stone Soup version 0.19.1 (console) character file.

165 Kloppie the Cudgeler (level 5, -1/34 HPs)
             Began as a Gargoyle Berserker on Nov 25, 2016.
             Was a Believer of Trog.
             Slain by an orc
             ... wielding a +0 trident
              (7 damage)
             ... on level 3 of the Dungeon.
             The game lasted 00:03:13 (1373 turns).

Kloppie the Cudgeler (Gargoyle Berserker)           Turns: 1373, Time: 00:03:14

Health: -1/34      AC:  6    Str: 21    XL:     5   Next: 46%
Magic:  5/5        EV: 12    Int:  7    God:    Trog [**....]
Gold:   30         SH:  0    Dex: 10    Spells: 0 memorised, 4 levels left

rFire  . . .     SeeInvis .     a - +0 mace
rCold  . . .     Gourm    .     b - +0 animal skin
rNeg   + . .     Faith    .     (no shield)
rPois  ∞         Spirit   .     (no helmet)
rElec  +         Reflect  .     (no cloak)
rCorr  .         Harm     .     (no gloves)
MR     .....                    (no boots)
Stlth  +.........               (no amulet)
                                (no ring)
                                (no ring)

@: exhausted, slowed, very slow
A: negative energy resistance 1, electricity resistance, unbreathing,
petrification resistance, rot immunity, AC +4
a: Berserk, Trog's Hand, Burn Spellbooks, Renounce Religion


You were on level 3 of the Dungeon.
You worshipped Trog.
Trog was pleased with you.
You were very hungry.

You visited 1 branch of the dungeon, and saw 3 of its levels.

You collected 30 gold pieces.

Inventory:

Hand Weapons
 a - a +0 mace (weapon)
Armour
 b - a +0 animal skin (worn)
Scrolls
 d - a scroll of enchant weapon {unknown}
 e - a scroll of blinking {unknown}
 l - a scroll of amnesia {unknown}
 o - a scroll of identify {unknown}
 q - a scroll of enchant armour {unknown}
 r - a scroll of fear {unknown}
Potions
 g - 2 potions of ambrosia {unknown}
 h - a potion of heal wounds {unknown}
 i - 2 potions of lignification {unknown}
 j - a potion of curing {unknown}
 k - a potion of haste {unknown}
 m - a potion of mutation {unknown}
 n - a potion of flight {unknown}
 p - 2 potions of agility
Comestibles
 c - 2 bread rations
 f - 2 chunks of flesh


   Skills:
 + Level 4.9 Fighting
 * Level 4.9 Maces & Flails
 - Level 2.1 Armour
 - Level 1.5 Dodging


You had 4 spell levels left.
You didn't know any spells.

Dungeon Overview and Level Annotations

Branches:
Dungeon (3/15)

Altars:
Makhleb
Uskayaw


Innate Abilities, Weirdness & Mutations

You are resistant to torment.
Your stone body is resilient. (AC +4)
You are immune to poison.
You resist negative energy. (rN+)
You are resistant to electric shocks. (rElec)
You can survive without breathing.
You are immune to petrification.
You are immune to rotting.


Message History

The orc wizard hits you but does no damage.
The orc priest barely misses you.
The orc hits you from afar with a trident.
You barely miss the orc priest. The orc wizard casts a spell at you.
The magic dart hits you! The orc wizard barely misses you.
The orc priest closely misses you.
The orc hits you from afar with a trident.
* * * LOW HITPOINT WARNING * * *
The orc priest hits you.
* * * LOW HITPOINT WARNING * * *
The orc wizard misses you. The orc hits you but does no damage.
You hit the orc priest.
The orc priest is moderately wounded.
The orc wizard hits you with a dagger.
* * * LOW HITPOINT WARNING * * *
The orc priest miscasts a cantrip.
The orc wizard casts a spell.
The orc hits you from afar with a trident!
You die...

#.# ##### #>#
#...# #.# #...#
### #.# #...# ..
#.# #..)# .#
#.####...#####.#
#....'...'.....#
######...####.$#
#...# #@o# #...#
##o# ##### o# .#
.# .# .. #.


You could see an orc priest, an orc wizard and an orc.

Vanquished Creatures
  Natasha (D:3)
  An orc wizard (D:3)
  6 adders
  2 dart slugs
  2 worms (D:2)
  A leopard gecko (D:2)
  An orc (D:3)
  5 giant cockroaches
  9 hobgoblins
  3 jackals (D:1)
  3 kobolds (D:1)
  A quokka (D:3)
  6 bats (D:1)
  2 frilled lizards (D:2)
  6 goblins
  5 rats
54 creatures vanquished.

Notes
Turn   | Place    | Note
-------+----------+-------------------------------------------
     0 | D:1      | Kloppie the Gargoyle Berserker began the quest for the Orb.
     0 | D:1      | Reached XP level 1. HP: 14/14 MP: 1/1
   182 | D:1      | Reached XP level 2. HP: 19/19 MP: 2/2
   545 | D:1      | Reached ** piety under Trog
   550 | D:1      | Reached XP level 3. HP: 20/24 MP: 3/3
   727 | D:2      | Found a burning altar of Makhleb.
   871 | D:2      | Reached XP level 4. HP: 14/29 MP: 4/4
   978 | D:2      | Found a faded altar of an unknown god.
  1043 | D:2      | Found a hide-covered altar of Uskayaw.
  1353 | D:3      | Noticed Natasha
  1358 | D:3      | Killed Natasha
  1358 | D:3      | Reached XP level 5. HP: 34/34 MP: 5/5
  1373 | D:3      | Slain by an orc

Skill      XL: |  1  2  3 |
---------------+----------+-----
Fighting       | 4 |  4.9
Maces & Flails | 4 |  4.9
Armour         | |  2.1
Dodging        | |  1.5

Action                   |  1- 3 |  4- 6 || total
-------------------------+-------+-------++-------
Melee: Mace              |   103 |    61 ||   164
Invok: Berserk           |     4 |     2 ||     6
  Eat: Chunk             |     3 |     3 ||     6
Armor: Animal skin       |    44 |    19 ||    63
Dodge: Dodged            |    71 |    42 ||   113
